 Dungeon Crawl Stone Soup version 0.16-a0-3761-g2321f2b (console) character file.

59 Monkaria the Chopper (level 3, 0/27 HPs)
             Began as a Demonspawn Gladiator on Jan 24, 2015.
             Killed from afar by an orc wizard (6 damage)
             ... with a magic dart
             ... on level 3 of the Dungeon.
             The game lasted 00:02:28 (1670 turns).

Monkaria the Chopper (Demonspawn Gladiator)         Turns: 1670, Time: 00:02:28

Health: 0/27       AC:  4    Str: 16    XL:     3   Next: 78%
Magic:  0/3        EV: 12    Int:  9    God:
Gold:   97         SH:  0    Dex: 13    Spells: 0 memorised, 2 levels left

rFire  . . .     SeeInvis .     a - +0 war axe
rCold  . . .     Clarity  .     b - +0 leather armour
rNeg   . . .     SustAb   .     (no shield)
rPois  .         Gourm    .     m - +1 hat
rElec  .         Spirit   +     (no cloak)
rCorr  .         Warding  .     (no gloves)
rMut   .         Stasis   .     (no boots)
MR     .....                    (no amulet)
Stlth  +.........               (no ring)
                                (no ring)

@: slowed, very slow, not resistant to hostile enchantments, very unstealthy
A: magic shield
a: no special abilities


You were on level 3 of the Dungeon.
You were hungry.

You visited 1 branch of the dungeon, and saw 3 of its levels.

You collected 97 gold pieces.

Inventory:

Hand weapons
 a - a +0 war axe (weapon)
Missiles
 d - 3 throwing nets (quivered)
 n - 18 poisoned needles
 r - 8 tomahawks
Armour
 b - a +0 leather armour (worn)
 c - a +0 helmet
 m - a +1 hat (worn)
Magical devices
 s - a wand of magic darts (35)
 y - a wand of teleportation (4)
Scrolls
 g - a scroll of enchant weapon {unknown}
 h - 2 scrolls of identify {unknown}
 i - a scroll of amnesia {unknown}
 q - 2 scrolls of noise {unknown}
 u - a scroll of random uselessness {unknown}
 w - a scroll of magic mapping {unknown}
Potions
 e - a potion of flight {unknown}
 o - a potion of invisibility {unknown}
 t - a potion of curing {unknown}
 v - a potion of cure mutation {unknown}
Comestibles
 f - a bread ration
 j - a royal jelly
 k - 2 meat rations
 l - a beef jerky
 p - 3 fruits
 x - 2 chunks of flesh


   Skills:
 - Level 2.0 Fighting
 + Level 4.3 Axes
 - Level 1.7 Throwing
 - Level 2.6 Dodging


You had 2 spell levels left.
You didn't know any spells.

Dungeon Overview and Level Annotations

Branches:
Dungeon (3/15)

Altars:


Innate Abilities, Weirdness & Mutations

When hurt, damage is shared between your health and your magic reserves.


Message History

You hit the orc.
The orc is almost dead.
The orc hits you. x2
You closely miss the orc.
The orc is almost dead.
The orc wizard casts a spell.
The orc wizard blinks!
The orc barely misses you.
You closely miss the orc. You hit the orc.
You kill the orc!
The orc barely misses you. The orc hits you but does no damage.
You closely miss the orc. The orc barely misses you. The orc hits you.
You closely miss the orc.
The orc wizard gestures at you while chanting.
The magic dart hits you!
* * * LOW HITPOINT WARNING * * *
The orc hits you.
* * * LOW HITPOINT WARNING * * *
The orc wizard casts a spell at you. The magic dart hits you!
You die...

#.# #.# #.# #.###
#.#.. #.#.#####
#l#......
#####o#....#
#....@.o..########
#.#.#....#.......#
#.#.#...##.#####.#
#.#.........#
#.####
#.####.#.####
#....# #.##.)...#
#####.##
#....#.### #.....#
#.#.##..## #.#####
#...#.###....###.#


You could see an orc wizard, an orc and a giant gecko.

Vanquished Creatures
  Terence (D:2)
  3 giant geckos
  2 oozes
  2 orcs (D:3)
  A ball python (D:2)
  3 bats
  4 giant cockroaches
  2 hobgoblins (D:2)
  6 kobolds
  A quokka (D:2)
  3 giant newts (D:2)
  4 goblins
  2 jackals (D:1)
  4 rats
38 creatures vanquished.

Notes
Turn   | Place    | Note
--------------------------------------------------------------
     0 | D:1      | Monkaria, the Demonspawn Gladiator, began the quest for the Orb.
     0 | D:1      | Reached XP level 1. HP: 16/16 MP: 1/1
   110 | D:1      | Reached skill level 3 in Axes
   152 | D:1      | Gained mutation: When hurt, damage is shared between your health and your magic reserves. [demonic ancestry]
   152 | D:1      | Reached XP level 2. HP: 11/22 MP: 2/2
  1199 | D:2      | Noticed Terence
  1427 | D:2      | Reached XP level 3. HP: 22/27 MP: 3/3
  1558 | D:2      | Killed Terence
  1558 | D:2      | Reached skill level 4 in Axes
  1670 | D:3      | Killed from afar by an orc wizard

Action                   || total
-------------------------++-------
Melee: War axe           ||   130
  Eat: Chunk             ||     2
